MINNESOTA Wild vs NEW JERSEY Devils

Created - 18 février 2024 at 08:14

Goals
1 2 3 T
MINNESOTA Wild 2 2 0 4
NEW JERSEY Devils 2 1 0 3
Shots
1 2 3 T
MINNESOTA Wild 13 14 7 34
NEW JERSEY Devils 11 3 7 21

1st period

1. NEW JERSEY Devils , Ryan Graves 4 (Max Domi 3, Andreas Athanasiou 2) at 4:56
2. MINNESOTA Wild , Martin Necas 5 (Kevin Fiala 1, Morgan Rielly 5) at 17:11 (PP)
3. MINNESOTA Wild , J.T. Miller 4 (Nikita Kucherov 2, Alex Pietrangelo 8) at 19:11 (PP)
4. NEW JERSEY Devils , Kyle Okposo 1 (Ryan Graves 4) at 19:46 (PP)

Penalties :
Max Domi (NJD) for Interference (Minor) at 8:32, Ryan Graves (NJD) for High sticking (Minor) at 17:01, Gabriel Landeskog (NJD) for Hooking (Minor) at 18:10, Martin Necas (MIN) for Roughing (Minor) at 19:12

2nd period

5. MINNESOTA Wild , Robert Thomas 5 (Morgan Rielly 6, Kevin Fiala 2) at 10:04
6. NEW JERSEY Devils , Jack Hughes 6 (Ryan Graves 5, Bowen Byram 5) at 11:24
7. MINNESOTA Wild , Tyler Toffoli 2 (J.T. Miller 3) at 12:45

Penalties :
Joel Armia (NJD) for Interference (Minor) at 14:45, Robert Thomas (MIN) for Tripping (Minor) at 19:02

3rd period

No Goal

Penalties :
Taylor Hall (MIN) for Interference (Minor) at 10:23, Morgan Rielly (MIN) for Hooking (Minor) at 17:03

Goalie Stats

Ilya Samsonov (MIN), 18 saves from 21 shots - (0,857), W, 4-5-0, 60:00 minutes
Antti Raanta (NJD), 30 saves from 34 shots - (0,882), L, 2-5-1, 59:44 minutes

Players Stats for MINNESOTA Wild

Player Name              G  A  P  +/- PIM S  H  SB GA TA FO     MP     PP MP  PK MP  
------------------------------------------------------------------------------------
Alex Pietrangelo         0  1  1   0  0   0  0  2  0  0  0/0    25:09   2:30   4:10 
Alexandre Carrier        0  0  0   1  0   2  0  1  0  0  0/0    19:40   2:07   2:21 
Anton Lundell            0  0  0  -1  0   1  1  0  0  0  2/4     8:02   0:00   1:20 
Caleb Jones              0  0  0  -1  0   1  0  0  0  0  0/0    15:55   0:32   0:44 
Denis Malgin             0  0  0  -1  0   0  1  0  0  0  1/1     6:42   0:00   0:00 
J.T. Miller              1  1  2   0  0   3  4  1  0  0  20/39  24:44   2:30   4:51 
Kevin Fiala              0  2  2   1  0   4  3  0  0  0  1/2    15:46   2:39   0:00 
Martin Necas             1  0  1   1  2   4  1  0  0  0  1/2    15:45   2:39   0:00 
Mathieu Joseph           0  0  0  -1  0   1  0  0  0  0  1/2     6:42   0:00   0:00 
Mattias Ekholm           0  0  0   0  0   2  3  1  0  0  0/0    25:09   2:30   4:10 
Morgan Rielly            0  2  2   1  2   2  1  3  0  0  0/0    18:51   2:07   1:33 
Nikita Kucherov          0  1  1   0  0   3  2  0  0  0  1/1    19:03   2:30   0:00 
Robert Thomas            1  0  1   1  2   6  0  0  0  0  12/21  17:45   2:39   1:03 
Taylor Hall              0  0  0   0  2   0  0  0  0  0  0/0    11:00   0:00   0:00 
Trevor Moore             0  0  0   0  0   0  0  2  0  0  1/2    12:10   0:00   0:41 
Tyler Toffoli            1  0  1   0  0   4  0  0  0  0  1/1    19:03   2:30   0:00 
Yanni Gourde             0  0  0   0  0   1  1  0  0  0  4/10   16:44   0:00   5:07 
Zach Werenski            0  0  0  -1  0   0  0  1  0  0  0/0    15:15   0:32   0:04 

Players Stats for NEW JERSEY Devils

Player Name              G  A  P  +/- PIM S  H  SB GA TA FO     MP     PP MP  PK MP  
------------------------------------------------------------------------------------
Adam Boqvist             0  0  0   0  0   1  2  2  0  0  0/0    20:41   2:57   2:46 
Alexander Petrovic       0  0  0  -2  0   0  2  1  0  0  0/0    14:26   0:13   0:32 
Andreas Athanasiou       0  1  1  -1  0   0  1  1  0  0  0/2    17:46   3:21   0:37 
Bowen Byram              0  1  1   2  0   1  5  2  0  0  0/0    25:09   3:21   2:07 
Chris Wideman            0  0  0  -2  0   1  0  0  0  0  0/0    14:04   0:13   0:10 
Connor Brown             0  0  0   0  0   2  0  0  0  0  0/0     6:55   0:00   0:00 
Gabriel Landeskog        0  0  0   0  2   0  0  0  0  0  7/10    6:54   0:00   0:00 
J.T. Compher             0  0  0  -1  0   2  2  0  0  0  12/22  18:53   3:21   1:44 
Jack Hughes              1  0  1   1  0   3  0  0  0  0  13/33  23:43   2:57   2:59 
Jake Bean                0  0  0   0  0   0  1  0  0  0  0/0    20:25   2:57   2:30 
James van Riemsdyk       0  0  0   1  0   1  3  0  0  0  0/1    21:55   2:57   1:11 
Joel Armia               0  0  0   0  2   0  0  0  0  0  1/2    11:01   0:13   0:59 
Kyle Okposo              1  0  1   1  0   1  2  0  0  0  0/0    23:32   2:57   2:48 
Max Domi                 0  1  1  -1  2   1  2  0  0  0  2/4    17:08   3:21   0:00 
Miles Wood               0  0  0   0  0   0  1  0  0  0  0/0     6:55   0:00   0:00 
Oskar Lindblom           0  0  0   0  0   2  1  0  0  0  1/1    10:03   0:13   0:00 
Ryan Donato              0  0  0   0  0   1  1  1  0  0  4/10   10:03   0:13   0:00 
Ryan Graves              1  2  3   2  2   5  1  2  0  0  0/0    25:14   3:21   2:13 

3 Stars

1 - Ryan Graves (NJD)
2 - J.T. Miller (MIN)
3 - Kevin Fiala (MIN)

Power Play

MINNESOTA Wild - 2 on 4 Attempt(s) - 50,00%
NEW JERSEY Devils - 1 on 4 Attempt(s) - 25,00%

Penalty Kill

MINNESOTA Wild - 3 on 4 Attempt(s) - 75,00% - Score 0 goal in Penalty Kill
NEW JERSEY Devils - 2 on 4 Attempt(s) - 50,00% - Score 0 goal in Penalty Kill

Team Stat

MINNESOTA Wild - Hits : 17 - Faceoff Wins : 45 - Blocked Shots : 11 - Penalty Minutes : 8
NEW JERSEY Devils - Hits : 24 - Faceoff Wins : 40 - Blocked Shots : 9 - Penalty Minutes : 8

Official

Referees : Brandon Schrader and Furman South
Linesman : Jean-Luc Grand-Pierre and Shandor Alphonso

Game Notes

No Game Note

Finance

Level 1 -- Attendance: 4580 (65,43%) -- Ticket Income $458,000
Level 2 -- Attendance: 5011 (71,59%) -- Ticket Income $270,594
Level 3 -- Attendance: 2913 (58,26%) -- Ticket Income $61,173
Level 4 -- Attendance: 4447 (88,94%) -- Ticket Income $88,940
Luxury Box -- Attendance: 1020 (85,00%) -- Ticket Income $173,400
Game was played at the Prudential Center.
Total Attendance: 17971 (71,31%)
Total Ticket Income: $1,052,107
Other Income: $263,027
Total Income: $1,315,134

MINNESOTA Wild

5 vs 5 Forward 
   Center                   Left Wing                Right Wing               Time % Phy DF OF 
 1 J.T. Miller              Tyler Toffoli            Nikita Kucherov          40     1   2  2  
 2 Robert Thomas            Kevin Fiala              Martin Necas             32     1   2  2  
 3 Yanni Gourde             Taylor Hall              Trevor Moore             20     1   2  2  
 4 Anton Lundell            Mathieu Joseph           Denis Malgin             8      1   3  1  

5 vs 5 Defense 
   Defense                  Defense                                           Time % Phy DF OF 
 1 Alex Pietrangelo         Mattias Ekholm                                    40     1   2  2  
 2 Morgan Rielly            Alexandre Carrier                                 32     1   3  1  
 3 Zach Werenski            Caleb Jones                                       20     1   3  1  
 4 Alex Pietrangelo         Mattias Ekholm                                    8      1   2  2  

PowerPlay Forward 
   Center                   Left Wing                Right Wing               Time % Phy DF OF 
 1 J.T. Miller              Tyler Toffoli            Nikita Kucherov          60     1   1  3  
 2 Robert Thomas            Kevin Fiala              Martin Necas             40     1   1  3  

PowerPlay Defense
   Defense                  Defense                                           Time % Phy DF OF 
 1 Alex Pietrangelo         Mattias Ekholm                                    60     1   2  2  
 2 Morgan Rielly            Alexandre Carrier                                 40     1   2  2  

Penalty Kill 4 Players Forward 
   Center                   Wing                     Time % Phy DF OF 
 1 J.T. Miller              Yanni Gourde             60     1   3  1  
 2 Anton Lundell            Robert Thomas            40     1   3  1  

Penalty Kill 4 Players Defense
   Defense                  Defense                  Time % Phy DF OF 
 1 Alex Pietrangelo         Mattias Ekholm           60     1   3  1  
 2 Morgan Rielly            Alexandre Carrier        40     1   3  1  

Penalty Kill - 3 Players Forward 
   Forward                                           Time % Phy DF OF 
 1 J.T. Miller                                       60     1   3  1  
 2 Yanni Gourde                                      40     1   3  1  

Penalty Kill - 3 Players Defense
   Defense                  Defense                  Time % Phy DF OF 
 1 Alex Pietrangelo         Mattias Ekholm           60     1   3  1  
 2 Morgan Rielly            Alexandre Carrier        40     1   3  1  

4 vs 4 Forward 
   Center                   Wing                     Time % Phy DF OF 
 1 J.T. Miller              Nikita Kucherov          60     1   2  2  
 2 Robert Thomas            Kevin Fiala              40     1   2  2  

4 vs 4 Defense
   Defense                  Defense                  Time % Phy DF OF 
 1 Alex Pietrangelo         Mattias Ekholm           60     1   2  2  
 2 Morgan Rielly            Alexandre Carrier        40     1   2  2  

Last Minutes Offensive
   Center                   Left Wing                Right Wing               Defense                  Defense                  
   J.T. Miller              Tyler Toffoli            Nikita Kucherov          Alex Pietrangelo         Mattias Ekholm           

Last Minutes Defensive
   Center                   Left Wing                Right Wing               Defense                  Defense                  
   J.T. Miller              Yanni Gourde             Robert Thomas            Alex Pietrangelo         Mattias Ekholm           

Goaltenders
Starting : Ilya Samsonov            
Backup : Jack Campbell            

Extra Forwards
Normal : Trevor Moore, Anton Lundell, Mathieu Joseph - PP : Taylor Hall, Yanni Gourde - PK : Trevor Moore
Extra Defensemen
Normal : Zach Werenski, Caleb Jones, Alexandre Carrier - PP : Zach Werenski - PK : Caleb Jones, Zach Werenski
Penalty Shots
Nikita Kucherov, Tyler Toffoli, J.T. Miller, Kevin Fiala, Martin Necas

Scratches
None

NEW JERSEY Devils

5 vs 5 Forward 
   Center                   Left Wing                Right Wing               Time % Phy DF OF 
 1 Jack Hughes              James van Riemsdyk       Kyle Okposo              40     1   2  2  
 2 J.T. Compher             Max Domi                 Andreas Athanasiou       30     1   2  2  
 3 Ryan Donato              Oskar Lindblom           Joel Armia               20     1   2  2  
 4 Gabriel Landeskog        Miles Wood               Connor Brown             10     1   2  2  

5 vs 5 Defense 
   Defense                  Defense                                           Time % Phy DF OF 
 1 Ryan Graves              Bowen Byram                                       40     1   2  2  
 2 Adam Boqvist             Jake Bean                                         30     1   2  2  
 3 Chris Wideman            Alexander Petrovic                                20     1   2  2  
 4 Ryan Graves              Bowen Byram                                       10     1   2  2  

PowerPlay Forward 
   Center                   Left Wing                Right Wing               Time % Phy DF OF 
 1 Jack Hughes              James van Riemsdyk       Kyle Okposo              60     1   2  2  
 2 J.T. Compher             Max Domi                 Andreas Athanasiou       40     1   2  2  

PowerPlay Defense
   Defense                  Defense                                           Time % Phy DF OF 
 1 Ryan Graves              Bowen Byram                                       60     1   2  2  
 2 Adam Boqvist             Jake Bean                                         40     1   2  2  

Penalty Kill 4 Players Forward 
   Center                   Wing                     Time % Phy DF OF 
 1 Jack Hughes              Kyle Okposo              60     1   2  2  
 2 J.T. Compher             James van Riemsdyk       40     1   2  2  

Penalty Kill 4 Players Defense
   Defense                  Defense                  Time % Phy DF OF 
 1 Ryan Graves              Bowen Byram              60     1   2  2  
 2 Adam Boqvist             Jake Bean                40     1   2  2  

Penalty Kill - 3 Players Forward 
   Forward                                           Time % Phy DF OF 
 1 Jack Hughes                                       60     1   2  2  
 2 Kyle Okposo                                       40     1   2  2  

Penalty Kill - 3 Players Defense
   Defense                  Defense                  Time % Phy DF OF 
 1 Ryan Graves              Bowen Byram              60     1   2  2  
 2 Adam Boqvist             Jake Bean                40     1   2  2  

4 vs 4 Forward 
   Center                   Wing                     Time % Phy DF OF 
 1 Jack Hughes              Kyle Okposo              60     1   2  2  
 2 J.T. Compher             James van Riemsdyk       40     1   2  2  

4 vs 4 Defense
   Defense                  Defense                  Time % Phy DF OF 
 1 Ryan Graves              Bowen Byram              60     1   2  2  
 2 Adam Boqvist             Jake Bean                40     1   2  2  

Last Minutes Offensive
   Center                   Left Wing                Right Wing               Defense                  Defense                  
   Jack Hughes              James van Riemsdyk       Kyle Okposo              Ryan Graves              Bowen Byram              

Last Minutes Defensive
   Center                   Left Wing                Right Wing               Defense                  Defense                  
   Jack Hughes              James van Riemsdyk       Kyle Okposo              Ryan Graves              Bowen Byram              

Goaltenders
Starting : Antti Raanta             
Backup : Alex Stalock             

Extra Forwards
Normal : Ryan Donato, Oskar Lindblom, Joel Armia - PP : Ryan Donato, Oskar Lindblom - PK : Joel Armia
Extra Defensemen
Normal : Chris Wideman, Alexander Petrovic, Adam Boqvist - PP : Chris Wideman - PK : Alexander Petrovic, Adam Boqvist
Penalty Shots
Jack Hughes, Kyle Okposo, J.T. Compher, James van Riemsdyk, Max Domi

Scratches
Dustin Tokarski (Healthy)

% Time on Ice - MINNESOTA Wild

Lines # - Real PCT - Wanted PCT - Time Play
Normal Forward
1 - 35% - 40% - 16:33
2 - 28% - 32% - 13:07
3 - 23% - 20% - 11:01
4 - 14% - 8% - 6:42
Normal Defense
1 - 35% - 40% - 16:32
2 - 32% - 32% - 15:12
3 - 31% - 20% - 14:39
4 - 2% - 8% - 1:00
PP Forward
1 - 49% - 60% - 2:30
2 - 51% - 40% - 2:39
PP Defense
1 - 49% - 60% - 2:30
2 - 51% - 40% - 2:39
PK Forward
1 - 80% - 60% - 5:11
2 - 20% - 40% - 1:20
PK Defense
1 - 64% - 60% - 4:10
2 - 36% - 40% - 2:21
PK3 Forward
1 - 0% - 60%
2 - 0% - 40%
PK3 Defense
1 - 0% - 60%
2 - 0% - 40%
44 Forward
1 - 0% - 60%
2 - 0% - 40%
44 Defense
1 - 0% - 60%
2 - 0% - 40%
Last Minute Offensive  - 0:00
Last Minute Defensive  - 0:57
Total
Forward - 60:00
Defense - 60:00

% Time on Ice - NEW JERSEY Devils

Lines # - Real PCT - Wanted PCT - Time Play
Normal Forward
1 - 36% - 40% - 16:50
2 - 29% - 30% - 13:48
3 - 21% - 20% - 9:50
4 - 15% - 10% - 6:55
Normal Defense
1 - 38% - 40% - 17:51
2 - 32% - 30% - 14:58
3 - 29% - 20% - 13:41
4 - 2% - 10% - 0:53
PP Forward
1 - 45% - 60% - 2:57
2 - 55% - 40% - 3:34
PP Defense
1 - 55% - 60% - 3:34
2 - 45% - 40% - 2:57
PK Forward
1 - 77% - 60% - 3:58
2 - 23% - 40% - 1:11
PK Defense
1 - 51% - 60% - 2:39
2 - 49% - 40% - 2:30
PK3 Forward
1 - 0% - 60%
2 - 0% - 40%
PK3 Defense
1 - 0% - 60%
2 - 0% - 40%
44 Forward
1 - 0% - 60%
2 - 0% - 40%
44 Defense
1 - 0% - 60%
2 - 0% - 40%
Last Minute Offensive  - 0:57
Last Minute Defensive  - 0:00
Total
Forward - 60:00
Defense - 60:00

Play-by-Play

1st period


0:01 of 1st period - Nikita Kucherov wins face-off versus Jack Hughes in neutral zone.
0:24 of 1st period - Shot by J.T. Miller.
0:24 of 1st period - Shot Misses the Net.
0:26 of 1st period - Shot by Nikita Kucherov.
0:26 of 1st period - Stopped by Antti Raanta without a rebound.
0:27 of 1st period - J.T. Compher wins face-off versus Kevin Fiala in NEW JERSEY Devils zone.
0:58 of 1st period - Shot by J.T. Compher.
0:58 of 1st period - Deflect By Max Domi.
0:58 of 1st period - Shot Misses the Net.
1:00 of 1st period - Shot by J.T. Compher.
1:00 of 1st period - Stopped by Ilya Samsonov with a rebound.
1:17 of 1st period - Icing by Kevin Fiala.
1:18 of 1st period - Robert Thomas wins face-off versus Ryan Donato in MINNESOTA Wild zone.
1:24 of 1st period - Off-side.
1:25 of 1st period - Gabriel Landeskog wins face-off versus Yanni Gourde in neutral zone.
1:42 of 1st period - Shot by Yanni Gourde.
1:42 of 1st period - Stopped by Antti Raanta without a rebound.
1:43 of 1st period - Jack Hughes wins face-off versus J.T. Miller in NEW JERSEY Devils zone.
2:17 of 1st period - Jack Hughes is hit by Mattias Ekholm and loses puck.
3:27 of 1st period - Off-side.
3:28 of 1st period - Mathieu Joseph wins face-off versus Max Domi in neutral zone.
3:49 of 1st period - Shot by Denis Malgin.
3:49 of 1st period - Deflect By Mathieu Joseph.
3:49 of 1st period - Stopped by Antti Raanta without a rebound.
3:50 of 1st period - Robert Thomas wins face-off versus Jack Hughes in NEW JERSEY Devils zone.
3:50 of 1st period - Robert Thomas is hit by Alexander Petrovic.
3:59 of 1st period - Icing by Alexander Petrovic.
4:00 of 1st period - J.T. Miller wins face-off versus Jack Hughes in NEW JERSEY Devils zone.
4:10 of 1st period - Icing by Chris Wideman.
4:11 of 1st period - Robert Thomas wins face-off versus Jack Hughes in NEW JERSEY Devils zone.
4:14 of 1st period - Shot by Kevin Fiala.
4:14 of 1st period - Shot Misses the Net.
4:26 of 1st period - Shot by Jack Hughes.
4:26 of 1st period - Shot Blocked by Alex Pietrangelo.
4:28 of 1st period - Shot by Alexander Petrovic.
4:28 of 1st period - Shot Misses the Net.
4:30 of 1st period - Shot by Jack Hughes.
4:30 of 1st period - Stopped by Ilya Samsonov without a rebound.
4:31 of 1st period - J.T. Compher wins face-off versus J.T. Miller in MINNESOTA Wild zone.
4:36 of 1st period - Shot by J.T. Compher.
4:36 of 1st period - Shot Blocked by J.T. Miller.
4:56 of 1st period - Shot by Ryan Graves.
4:56 of 1st period - Goal by Ryan Graves - MINNESOTA Wild : 0 - NEW JERSEY Devils : 1.
4:57 of 1st period - Gabriel Landeskog wins face-off versus Robert Thomas in neutral zone.
5:09 of 1st period - Icing by Kevin Fiala.
5:10 of 1st period - Jack Hughes wins face-off versus Robert Thomas in MINNESOTA Wild zone.
5:16 of 1st period - Icing by Mattias Ekholm.
5:17 of 1st period - Robert Thomas wins face-off versus Jack Hughes in MINNESOTA Wild zone.
5:17 of 1st period - Robert Thomas is hit by Kyle Okposo.
5:51 of 1st period - Shot by Robert Thomas.
5:51 of 1st period - Stopped by Antti Raanta without a rebound.
5:52 of 1st period - J.T. Miller wins face-off versus J.T. Compher in NEW JERSEY Devils zone.
6:17 of 1st period - Shot by J.T. Miller.
6:17 of 1st period - Stopped by Antti Raanta with a rebound.
6:19 of 1st period - Shot by Caleb Jones.
6:19 of 1st period - Stopped by Antti Raanta without a rebound.
6:20 of 1st period - Ryan Donato wins face-off versus Yanni Gourde in NEW JERSEY Devils zone.
6:33 of 1st period - Icing by Morgan Rielly.
6:34 of 1st period - Gabriel Landeskog wins face-off versus Yanni Gourde in MINNESOTA Wild zone.
6:35 of 1st period - Shot by Miles Wood.
6:35 of 1st period - Shot Misses the Net.
6:37 of 1st period - Shot by Connor Brown.
6:37 of 1st period - Stopped by Ilya Samsonov with a rebound.
6:39 of 1st period - Shot by Connor Brown.
6:39 of 1st period - Shot Misses the Net.
6:41 of 1st period - Shot by Connor Brown.
6:41 of 1st period - Shot Blocked by Morgan Rielly.
6:43 of 1st period - Shot by Gabriel Landeskog.
6:43 of 1st period - Shot Blocked by Trevor Moore.
6:45 of 1st period - Shot by Miles Wood.
6:45 of 1st period - Shot Misses the Net.
6:51 of 1st period - Shot by Gabriel Landeskog.
6:51 of 1st period - Shot Misses the Net.
7:12 of 1st period - Shot by Connor Brown.
7:12 of 1st period - Stopped by Ilya Samsonov with a rebound.
8:32 of 1st period - Minor Penalty to Max Domi for Interference.
8:33 of 1st period - Joel Armia wins face-off versus Robert Thomas in NEW JERSEY Devils zone.
9:45 of 1st period - Shot by Alex Pietrangelo.
9:45 of 1st period - Shot Blocked by Bowen Byram.
10:53 of 1st period - Off-side.
10:54 of 1st period - Ryan Donato wins face-off versus Anton Lundell in neutral zone.
11:03 of 1st period - Shot by Ryan Donato.
11:03 of 1st period - Stopped by Ilya Samsonov without a rebound.
11:04 of 1st period - Yanni Gourde wins face-off versus Gabriel Landeskog in MINNESOTA Wild zone.
12:24 of 1st period - Mattias Ekholm is hit by Adam Boqvist and loses puck.
13:07 of 1st period - Nikita Kucherov is hit by Bowen Byram and loses puck.
13:26 of 1st period - Kyle Okposo is hit by Nikita Kucherov and loses puck.
13:59 of 1st period - Shot by Joel Armia.
13:59 of 1st period - Shot Misses the Net.
15:54 of 1st period - J.T. Miller is hit by Adam Boqvist and loses puck.
16:17 of 1st period - Chris Wideman is hit by Yanni Gourde.
16:30 of 1st period - Shot by Jack Hughes.
16:30 of 1st period - Shot Blocked by Trevor Moore.
17:01 of 1st period - Minor Penalty to Ryan Graves for High sticking.
17:02 of 1st period - Robert Thomas wins face-off versus Jack Hughes in NEW JERSEY Devils zone.
17:09 of 1st period - Shot by Kevin Fiala.
17:09 of 1st period - Shot Misses the Net.
17:11 of 1st period - Shot by Martin Necas.
17:11 of 1st period - Goal by Martin Necas - MINNESOTA Wild : 1 - NEW JERSEY Devils : 1.
17:12 of 1st period - J.T. Miller wins face-off versus Ryan Donato in neutral zone.
17:39 of 1st period - Shot by Bowen Byram.
17:39 of 1st period - Stopped by Ilya Samsonov without a rebound.
17:40 of 1st period - Martin Necas wins face-off versus Gabriel Landeskog in MINNESOTA Wild zone.
17:59 of 1st period - Shot by Connor Brown.
17:59 of 1st period - Shot Misses the Net.
18:01 of 1st period - Shot by Gabriel Landeskog.
18:01 of 1st period - Deflect By Miles Wood.
18:01 of 1st period - Shot Misses the Net.
18:03 of 1st period - Shot by Adam Boqvist.
18:03 of 1st period - Stopped by Ilya Samsonov with a rebound.
18:10 of 1st period - Minor Penalty to Gabriel Landeskog for Hooking.
18:11 of 1st period - J.T. Miller wins face-off versus Jack Hughes in NEW JERSEY Devils zone.
18:11 of 1st period - J.T. Miller is hit by Bowen Byram.
18:17 of 1st period - Shot by J.T. Miller.
18:17 of 1st period - Stopped by Antti Raanta without a rebound.
18:18 of 1st period - Jack Hughes wins face-off versus J.T. Miller in NEW JERSEY Devils zone.
18:29 of 1st period - Shot by Mattias Ekholm.
18:29 of 1st period - Deflect By Nikita Kucherov.
18:29 of 1st period - Shot Misses the Net.
18:31 of 1st period - Shot by Nikita Kucherov.
18:31 of 1st period - Shot Misses the Net.
18:33 of 1st period - Shot by Tyler Toffoli.
18:33 of 1st period - Shot Misses the Net.
18:35 of 1st period - Shot by Alex Pietrangelo.
18:35 of 1st period - Deflect By Tyler Toffoli.
18:35 of 1st period - Stopped by Antti Raanta without a rebound.
18:36 of 1st period - Robert Thomas wins face-off versus Jack Hughes in NEW JERSEY Devils zone.
18:37 of 1st period - Shot by Morgan Rielly.
18:37 of 1st period - Stopped by Antti Raanta with a rebound.
18:39 of 1st period - Shot by Robert Thomas.
18:39 of 1st period - Shot Misses the Net.
18:53 of 1st period - Shot by Martin Necas.
18:53 of 1st period - Deflect By Kevin Fiala.
18:53 of 1st period - Stopped by Antti Raanta with a rebound.
18:55 of 1st period - Shot by Alexandre Carrier.
18:55 of 1st period - Stopped by Antti Raanta without a rebound.
18:56 of 1st period - J.T. Miller wins face-off versus Jack Hughes in NEW JERSEY Devils zone.
19:09 of 1st period - Shot by J.T. Miller.
19:09 of 1st period - Shot Misses the Net.
19:11 of 1st period - Shot by J.T. Miller.
19:11 of 1st period - Goal by J.T. Miller - MINNESOTA Wild : 2 - NEW JERSEY Devils : 1.
19:12 of 1st period - Max Domi wins face-off versus Martin Necas in neutral zone.
19:12 of 1st period - Minor Penalty to Martin Necas for Roughing.
19:13 of 1st period - J.T. Compher wins face-off versus J.T. Miller in MINNESOTA Wild zone.
19:14 of 1st period - Shot by Max Domi.
19:14 of 1st period - Stopped by Ilya Samsonov with a rebound.
19:16 of 1st period - Shot by Ryan Graves.
19:16 of 1st period - Stopped by Ilya Samsonov without a rebound.
19:17 of 1st period - J.T. Miller wins face-off versus Jack Hughes in MINNESOTA Wild zone.
19:23 of 1st period - Icing by Ryan Graves.
19:24 of 1st period - J.T. Miller wins face-off versus Jack Hughes in NEW JERSEY Devils zone.
19:24 of 1st period - Mattias Ekholm is hit by Bowen Byram.
19:46 of 1st period - Shot by Kyle Okposo.
19:46 of 1st period - Goal by Kyle Okposo - MINNESOTA Wild : 2 - NEW JERSEY Devils : 2.
19:47 of 1st period - Robert Thomas wins face-off versus J.T. Compher in neutral zone.
Goals for this period are 2 for MINNESOTA Wild vs 2 for NEW JERSEY Devils.
Shots for this period are 13 for MINNESOTA Wild vs 11 for NEW JERSEY Devils.

2nd period


0:01 of 2nd period - Jack Hughes wins face-off versus J.T. Miller in neutral zone.
0:15 of 2nd period - Tyler Toffoli is hit by Bowen Byram and loses puck.
2:04 of 2nd period - Shot by Denis Malgin.
2:04 of 2nd period - Shot Misses the Net.
2:06 of 2nd period - Shot by Anton Lundell.
2:06 of 2nd period - Stopped by Antti Raanta without a rebound.
2:07 of 2nd period - Yanni Gourde wins face-off versus Joel Armia in NEW JERSEY Devils zone.
2:07 of 2nd period - Taylor Hall is hit by Alexander Petrovic and loses puck.
2:30 of 2nd period - Oskar Lindblom is hit by Mattias Ekholm.
3:00 of 2nd period - Nikita Kucherov is hit by Oskar Lindblom and loses puck.
3:31 of 2nd period - Shot by Nikita Kucherov.
3:31 of 2nd period - Stopped by Antti Raanta with a rebound.
3:42 of 2nd period - Icing by Zach Werenski.
3:43 of 2nd period - Tyler Toffoli wins face-off versus Gabriel Landeskog in MINNESOTA Wild zone.
4:08 of 2nd period - Shot by Robert Thomas.
4:08 of 2nd period - Stopped by Antti Raanta with a rebound.
4:10 of 2nd period - Shot by Robert Thomas.
4:10 of 2nd period - Shot Blocked by Adam Boqvist.
4:24 of 2nd period - Shot by Miles Wood.
4:24 of 2nd period - Shot Blocked by Morgan Rielly.
4:35 of 2nd period - Off-side.
4:36 of 2nd period - Denis Malgin wins face-off versus Jack Hughes in neutral zone.
4:55 of 2nd period - Shot by Jack Hughes.
4:55 of 2nd period - Stopped by Ilya Samsonov without a rebound.
4:56 of 2nd period - Max Domi wins face-off versus Yanni Gourde in MINNESOTA Wild zone.
5:09 of 2nd period - Shot by Max Domi.
5:09 of 2nd period - Shot Misses the Net.
6:48 of 2nd period - Icing by Jake Bean.
6:49 of 2nd period - Ryan Donato wins face-off versus Anton Lundell in NEW JERSEY Devils zone.
6:49 of 2nd period - Ryan Donato is hit by Anton Lundell.
6:59 of 2nd period - Anton Lundell is hit by Ryan Donato and loses puck.
7:59 of 2nd period - Off-side.
8:00 of 2nd period - J.T. Miller wins face-off versus Jack Hughes in neutral zone.
8:13 of 2nd period - Shot by Mattias Ekholm.
8:13 of 2nd period - Stopped by Antti Raanta without a rebound.
8:14 of 2nd period - Robert Thomas wins face-off versus J.T. Compher in NEW JERSEY Devils zone.
8:17 of 2nd period - Shot by Martin Necas.
8:17 of 2nd period - Stopped by Antti Raanta without a rebound.
8:18 of 2nd period - J.T. Miller wins face-off versus Jack Hughes in NEW JERSEY Devils zone.
8:45 of 2nd period - Shot by Kyle Okposo.
8:45 of 2nd period - Deflect By Jack Hughes.
8:45 of 2nd period - Shot Misses the Net.
8:47 of 2nd period - Shot by James van Riemsdyk.
8:47 of 2nd period - Stopped by Ilya Samsonov with a rebound.
8:57 of 2nd period - Shot by Kyle Okposo.
8:57 of 2nd period - Deflect By Jack Hughes.
8:57 of 2nd period - Shot Blocked by Alex Pietrangelo.
8:59 of 2nd period - Shot by Ryan Graves.
8:59 of 2nd period - Shot Hit the Post.
10:04 of 2nd period - Shot by Robert Thomas.
10:04 of 2nd period - Goal by Robert Thomas - MINNESOTA Wild : 3 - NEW JERSEY Devils : 2.
10:05 of 2nd period - Anton Lundell wins face-off versus Ryan Donato in neutral zone.
10:37 of 2nd period - Anton Lundell is hit by Jake Bean and loses puck.
10:46 of 2nd period - Shot by Oskar Lindblom.
10:46 of 2nd period - Shot Blocked by Zach Werenski.
11:06 of 2nd period - Shot by Jack Hughes.
11:06 of 2nd period - Shot Misses the Net.
11:08 of 2nd period - Shot by James van Riemsdyk.
11:08 of 2nd period - Shot Misses the Net.
11:24 of 2nd period - Shot by Jack Hughes.
11:24 of 2nd period - Goal by Jack Hughes - MINNESOTA Wild : 3 - NEW JERSEY Devils : 3.
11:25 of 2nd period - J.T. Compher wins face-off versus Robert Thomas in neutral zone.
11:25 of 2nd period - Max Domi is hit by Kevin Fiala and loses puck.
11:37 of 2nd period - Off-side.
11:38 of 2nd period - Gabriel Landeskog wins face-off versus J.T. Miller in neutral zone.
11:38 of 2nd period - Gabriel Landeskog is hit by J.T. Miller.
11:44 of 2nd period - Alexandre Carrier is hit by Miles Wood and loses puck.
11:55 of 2nd period - Miles Wood is hit by Nikita Kucherov and loses puck.
12:00 of 2nd period - Shot by Nikita Kucherov.
12:00 of 2nd period - Shot Misses the Net.
12:02 of 2nd period - Shot by Alexandre Carrier.
12:02 of 2nd period - Shot Blocked by Ryan Graves.
12:10 of 2nd period - Shot by Nikita Kucherov.
12:10 of 2nd period - Shot Misses the Net.
12:12 of 2nd period - Shot by Alexandre Carrier.
12:12 of 2nd period - Stopped by Antti Raanta without a rebound.
12:13 of 2nd period - Jack Hughes wins face-off versus Robert Thomas in NEW JERSEY Devils zone.
12:13 of 2nd period - Jake Bean is hit by Kevin Fiala.
12:24 of 2nd period - Alex Pietrangelo is hit by James van Riemsdyk and loses puck.
12:43 of 2nd period - Shot by Robert Thomas.
12:43 of 2nd period - Stopped by Antti Raanta without a rebound.
12:44 of 2nd period - J.T. Miller wins face-off versus J.T. Compher in NEW JERSEY Devils zone.
12:45 of 2nd period - Shot by Tyler Toffoli.
12:45 of 2nd period - Goal by Tyler Toffoli - MINNESOTA Wild : 4 - NEW JERSEY Devils : 3.
12:46 of 2nd period - J.T. Compher wins face-off versus J.T. Miller in neutral zone.
13:01 of 2nd period - Shot by Tyler Toffoli.
13:01 of 2nd period - Stopped by Antti Raanta with a rebound.
13:06 of 2nd period - Bowen Byram is hit by Morgan Rielly and loses puck.
13:48 of 2nd period - Icing by Adam Boqvist.
13:49 of 2nd period - Jack Hughes wins face-off versus Robert Thomas in NEW JERSEY Devils zone.
14:17 of 2nd period - Shot by Kevin Fiala.
14:17 of 2nd period - Stopped by Antti Raanta without a rebound.
14:18 of 2nd period - Ryan Donato wins face-off versus Yanni Gourde in NEW JERSEY Devils zone.
14:45 of 2nd period - Minor Penalty to Joel Armia for Interference.
14:46 of 2nd period - Jack Hughes wins face-off versus J.T. Miller in NEW JERSEY Devils zone.
16:07 of 2nd period - Andreas Athanasiou is hit by Martin Necas and loses puck.
16:12 of 2nd period - Shot by Kevin Fiala.
16:12 of 2nd period - Stopped by Antti Raanta without a rebound.
16:13 of 2nd period - J.T. Compher wins face-off versus J.T. Miller in NEW JERSEY Devils zone.
16:26 of 2nd period - Shot by Mattias Ekholm.
16:26 of 2nd period - Shot Blocked by Bowen Byram.
16:30 of 2nd period - Shot by Tyler Toffoli.
16:30 of 2nd period - The goal is going for a video replay.
16:30 of 2nd period - The goal is refused.
16:31 of 2nd period - J.T. Compher wins face-off versus Robert Thomas in NEW JERSEY Devils zone.
16:50 of 2nd period - Shot by Ryan Donato.
16:50 of 2nd period - Shot Misses the Net.
16:53 of 2nd period - Icing by Caleb Jones.
16:54 of 2nd period - Yanni Gourde wins face-off versus J.T. Compher in MINNESOTA Wild zone.
18:36 of 2nd period - Bowen Byram is hit by J.T. Miller and loses puck.
18:47 of 2nd period - Shot by Nikita Kucherov.
18:47 of 2nd period - Stopped by Antti Raanta without a rebound.
18:48 of 2nd period - Robert Thomas wins face-off versus Ryan Donato in NEW JERSEY Devils zone.
19:02 of 2nd period - Minor Penalty to Robert Thomas for Tripping.
19:03 of 2nd period - J.T. Miller wins face-off versus J.T. Compher in MINNESOTA Wild zone.
19:03 of 2nd period - J.T. Miller is hit by Max Domi.
19:43 of 2nd period - Icing by Jake Bean.
19:44 of 2nd period - J.T. Compher wins face-off versus J.T. Miller in NEW JERSEY Devils zone.
19:55 of 2nd period - J.T. Miller is hit by J.T. Compher and loses puck.
Goals for this period are 2 for MINNESOTA Wild vs 1 for NEW JERSEY Devils.
Shots for this period are 14 for MINNESOTA Wild vs 3 for NEW JERSEY Devils.

3rd period


0:01 of 3rd period - Jack Hughes wins face-off versus J.T. Miller in neutral zone.
0:04 of 3rd period - J.T. Miller is hit by James van Riemsdyk and loses puck.
0:12 of 3rd period - Icing by Bowen Byram.
0:13 of 3rd period - Jack Hughes wins face-off versus J.T. Miller in NEW JERSEY Devils zone.
1:21 of 3rd period - Shot by Kevin Fiala.
1:21 of 3rd period - Shot Blocked by Andreas Athanasiou.
1:30 of 3rd period - Icing by Caleb Jones.
1:31 of 3rd period - Robert Thomas wins face-off versus Ryan Donato in MINNESOTA Wild zone.
2:30 of 3rd period - Shot by Mathieu Joseph.
2:30 of 3rd period - Shot Blocked by Ryan Donato.
2:32 of 3rd period - Shot by Anton Lundell.
2:32 of 3rd period - Shot Misses the Net.
2:34 of 3rd period - Shot by Anton Lundell.
2:34 of 3rd period - Shot Misses the Net.
2:36 of 3rd period - Shot by Morgan Rielly.
2:36 of 3rd period - Stopped by Antti Raanta with a rebound.
2:43 of 3rd period - Icing by Alexander Petrovic.
2:44 of 3rd period - J.T. Miller wins face-off versus Ryan Donato in NEW JERSEY Devils zone.
2:52 of 3rd period - Icing by Alexander Petrovic.
2:53 of 3rd period - Oskar Lindblom wins face-off versus J.T. Miller in NEW JERSEY Devils zone.
3:03 of 3rd period - Icing by Alex Pietrangelo.
3:04 of 3rd period - J.T. Miller wins face-off versus Jack Hughes in MINNESOTA Wild zone.
3:47 of 3rd period - Off-side.
3:48 of 3rd period - Robert Thomas wins face-off versus Andreas Athanasiou in neutral zone.
3:48 of 3rd period - Kevin Fiala is hit by J.T. Compher and loses puck.
3:56 of 3rd period - Icing by Alexandre Carrier.
3:57 of 3rd period - J.T. Compher wins face-off versus Robert Thomas in MINNESOTA Wild zone.
4:15 of 3rd period - Off-side.
4:16 of 3rd period - Gabriel Landeskog wins face-off versus Yanni Gourde in neutral zone.
5:23 of 3rd period - Off-side.
5:24 of 3rd period - J.T. Compher wins face-off versus Robert Thomas in neutral zone.
6:03 of 3rd period - Shot by Martin Necas.
6:03 of 3rd period - Shot Blocked by Adam Boqvist.
6:45 of 3rd period - Chris Wideman is hit by Kevin Fiala and loses puck.
7:21 of 3rd period - Shot by Tyler Toffoli.
7:21 of 3rd period - Shot Misses the Net.
7:46 of 3rd period - Off-side.
7:47 of 3rd period - Yanni Gourde wins face-off versus J.T. Compher in neutral zone.
8:43 of 3rd period - Icing by Mattias Ekholm.
8:44 of 3rd period - Jack Hughes wins face-off versus J.T. Miller in MINNESOTA Wild zone.
9:39 of 3rd period - James van Riemsdyk is hit by Denis Malgin and loses puck.
9:44 of 3rd period - Shot by Mathieu Joseph.
9:44 of 3rd period - Shot Misses the Net.
10:23 of 3rd period - Minor Penalty to Taylor Hall for Interference.
10:24 of 3rd period - J.T. Compher wins face-off versus J.T. Miller in MINNESOTA Wild zone.
10:34 of 3rd period - Shot by Max Domi.
10:34 of 3rd period - Shot Misses the Net.
10:36 of 3rd period - Shot by Andreas Athanasiou.
10:36 of 3rd period - Shot Misses the Net.
10:38 of 3rd period - Shot by J.T. Compher.
10:38 of 3rd period - Stopped by Ilya Samsonov with a rebound.
11:24 of 3rd period - Shot by Chris Wideman.
11:24 of 3rd period - Stopped by Ilya Samsonov without a rebound.
11:25 of 3rd period - Anton Lundell wins face-off versus J.T. Compher in MINNESOTA Wild zone.
12:10 of 3rd period - Off-side.
12:11 of 3rd period - Jack Hughes wins face-off versus J.T. Miller in neutral zone.
12:18 of 3rd period - Shot by James van Riemsdyk.
12:18 of 3rd period - Shot Blocked by Morgan Rielly.
12:26 of 3rd period - Shot by Oskar Lindblom.
12:26 of 3rd period - Stopped by Ilya Samsonov with a rebound.
12:34 of 3rd period - Shot by Martin Necas.
12:34 of 3rd period - Stopped by Antti Raanta without a rebound.
12:35 of 3rd period - Gabriel Landeskog wins face-off versus Mathieu Joseph in NEW JERSEY Devils zone.
13:14 of 3rd period - Shot by Mathieu Joseph.
13:14 of 3rd period - Shot Blocked by Alexander Petrovic.
13:35 of 3rd period - Off-side.
13:36 of 3rd period - Kevin Fiala wins face-off versus Jack Hughes in neutral zone.
14:07 of 3rd period - Shot by Kevin Fiala.
14:07 of 3rd period - Stopped by Antti Raanta without a rebound.
14:08 of 3rd period - J.T. Miller wins face-off versus J.T. Compher in NEW JERSEY Devils zone.
14:12 of 3rd period - Icing by Jake Bean.
14:13 of 3rd period - J.T. Miller wins face-off versus Andreas Athanasiou in NEW JERSEY Devils zone.
15:12 of 3rd period - Shot by Martin Necas.
15:12 of 3rd period - Deflect By Robert Thomas.
15:12 of 3rd period - Shot Misses the Net.
15:20 of 3rd period - Shot by Martin Necas.
15:20 of 3rd period - Stopped by Antti Raanta without a rebound.
15:21 of 3rd period - Trevor Moore wins face-off versus Jack Hughes in NEW JERSEY Devils zone.
15:48 of 3rd period - Yanni Gourde is hit by Bowen Byram and loses puck.
16:11 of 3rd period - Icing by Ryan Graves.
16:12 of 3rd period - J.T. Miller wins face-off versus James van Riemsdyk in NEW JERSEY Devils zone.
16:12 of 3rd period - J.T. Miller is hit by Ryan Graves.
16:32 of 3rd period - Ryan Donato is hit by J.T. Miller and loses puck.
16:43 of 3rd period - Shot by Joel Armia.
16:43 of 3rd period - Shot Misses the Net.
16:45 of 3rd period - Shot by Oskar Lindblom.
16:45 of 3rd period - Shot Misses the Net.
16:47 of 3rd period - Shot by Oskar Lindblom.
16:47 of 3rd period - Stopped by Ilya Samsonov without a rebound.
16:48 of 3rd period - Robert Thomas wins face-off versus J.T. Compher in MINNESOTA Wild zone.
16:48 of 3rd period - Robert Thomas is hit by Andreas Athanasiou.
16:58 of 3rd period - Shot by Robert Thomas.
16:58 of 3rd period - Stopped by Antti Raanta without a rebound.
16:59 of 3rd period - Gabriel Landeskog wins face-off versus Trevor Moore in NEW JERSEY Devils zone.
17:03 of 3rd period - Minor Penalty to Morgan Rielly for Hooking.
17:04 of 3rd period - J.T. Compher wins face-off versus J.T. Miller in MINNESOTA Wild zone.
17:13 of 3rd period - Shot by Ryan Graves.
17:13 of 3rd period - Stopped by Ilya Samsonov without a rebound.
17:14 of 3rd period - Jack Hughes wins face-off versus J.T. Miller in MINNESOTA Wild zone.
17:22 of 3rd period - Shot by Ryan Graves.
17:22 of 3rd period - Stopped by Ilya Samsonov without a rebound.
17:23 of 3rd period - J.T. Miller wins face-off versus Jack Hughes in MINNESOTA Wild zone.
17:25 of 3rd period - Yanni Gourde is hit by Kyle Okposo and loses puck.
17:35 of 3rd period - Jack Hughes is hit by Mattias Ekholm and loses puck.
17:56 of 3rd period - Shot by Ryan Graves.
17:56 of 3rd period - Shot Misses the Net.
17:58 of 3rd period - Shot by Bowen Byram.
17:58 of 3rd period - Shot Misses the Net.
18:00 of 3rd period - Shot by Ryan Graves.
18:00 of 3rd period - Stopped by Ilya Samsonov without a rebound.
18:01 of 3rd period - J.T. Miller wins face-off versus Max Domi in MINNESOTA Wild zone.
18:12 of 3rd period - Mattias Ekholm is hit by Max Domi.
18:28 of 3rd period - Shot by J.T. Compher.
18:28 of 3rd period - Shot Blocked by Mattias Ekholm.
18:44 of 3rd period - Shot by Adam Boqvist.
18:44 of 3rd period - Shot Blocked by Alexandre Carrier.
18:53 of 3rd period - J.T. Miller is hit by James van Riemsdyk and loses puck.
19:09 of 3rd period - Off-side.
19:10 of 3rd period - J.T. Miller wins face-off versus Jack Hughes in neutral zone.
19:19 of 3rd period - Shot by Alex Pietrangelo.
19:19 of 3rd period - Shot Blocked by Ryan Graves.
19:22 of 3rd period - Icing by Bowen Byram.
19:23 of 3rd period - J.T. Miller wins face-off versus Jack Hughes in NEW JERSEY Devils zone.
19:28 of 3rd period - Shot by Alex Pietrangelo.
19:28 of 3rd period - Shot Misses the Net.
19:30 of 3rd period - Shot by Mattias Ekholm.
19:30 of 3rd period - Stopped by Antti Raanta with a rebound.
19:34 of 3rd period - Shot by Yanni Gourde.
19:34 of 3rd period - Shot Misses the Net.
19:38 of 3rd period - Shot by Robert Thomas.
19:38 of 3rd period - Stopped by Antti Raanta without a rebound.
19:39 of 3rd period - Jack Hughes wins face-off versus J.T. Miller in NEW JERSEY Devils zone.
19:44 of 3rd period - NEW JERSEY Devils, Antti Raanta is pulled from the net.
19:54 of 3rd period - Ryan Graves is hit by J.T. Miller and loses puck.
Goals for this period are 0 for MINNESOTA Wild vs 0 for NEW JERSEY Devils.
Shots for this period are 7 for MINNESOTA Wild vs 7 for NEW JERSEY Devils. Output by the SimonT Hockey Simulator (STHS) for Martin Benoit - Original Page W3C HTML5 Valid
Hockey Simulator - Hockey Simulation - Hockey Manager